 Dungeon Crawl Stone Soup version 0.31-a0-222-gefeffbb62a (webtiles) character file.

Game seed: 8229275977861283559

14263 qw the Cleaver (level 12, 0/76 HPs)
             Began as a Gargoyle Fighter on July 5, 2023.
             Was a High Priest of Okawaru.
             Killed from afar by a gargoyle (9 damage)
             ... with a stone arrow
             ... on level 10 of the Dungeon.
             The game lasted 00:05:28 (10070 turns).

qw the Cleaver (Gargoyle Fighter)                  Turns: 10070, Time: 00:05:29

Health: 0/76       AC: 38    Str: 24    XL:     12   Next: 14%
Magic:  16/18      EV:  9    Int: 10    God:    Okawaru [*****.]
Gold:   1385       SH: 11    Dex:  9    Spells: 11/11 levels left

rFire   + + .        Y - +3 war axe (protect)
rCold   + . .        c - +0 buckler
rNeg    + . .        q - +0 plate armour
rPois   inf          x - +0 helmet
rElec   +            k - +0 cloak
rCorr   +            (no gloves)
SInv    +            a - +1 pair of boots "Symiusmi" {Drain rF+++ Will- SInv}
Will    .....        h - amulet of reflection Stlth
                     m - ring of ice
HPRegen 0.32/turn    g - ring of resist corrosion
MPRegen 0.16/turn

%: reflection
@: about to teleport, heroic, under a protective aura
A: sickness immunity, AC +8, negative energy resistance 1, electricity
resistance, torment resistance 1, petrification resistance
a: Renounce Religion, Heroism, Finesse, Duel


You were on level 10 of the Dungeon.
You worshipped Okawaru.
Okawaru was extremely pleased with you.
You visited 2 branches of the dungeon, and saw 11 of its levels.

You collected 1510 gold pieces.
You spent 125 gold pieces at shops.


Innate Abilities, Weirdness & Mutations

You are immune to sickness and miasma.
Your stone body is resilient. (AC +8)
You are immune to poison.
You resist negative energy. (rN+)
You are resistant to electric shocks. (rElec)
You are resistant to unholy torment.
You are immune to petrification.


   Skills:
 - Level 9.0(14.0) Fighting
 - Level 12.0(17.0) Axes
 - Level 1.3(6.3) Throwing
 - Level 9.0(14.0) Armour
 - Level 2.3(7.3) Dodging
 + Level 5.0(10.0) Shields
 + Level 9.1 Invocations


You had 11 spell levels left.
You didn't know any spells.
Your spell library was empty.

Inventory:

Hand Weapons
 s - a +4 morningstar
 Y - a +3 war axe of protection (weapon)
Armour
 a - the +1 pair of boots "Symiusmi" (worn) {Drain rF+++ Will- SInv}
   (You acquired it on level 1 of the Dungeon)

   rF:        It renders you almost immune to fire.
   SInv:      It lets you see invisible.
   Drain:     It drains your maximum health when unequipped.
   Will:      It decreases your willpower.
 c - a +0 buckler (worn)
 f - +0 acid dragon scales
 k - a +0 cloak (worn)
 n - a +1 buckler of poison resistance
 q - a +0 plate armour (worn)
 u - a +0 pair of boots
 w - the +3 buckler of the Blessed Realm {+Blink rElec Will++ Dex-2}
   (Okawaru gifted it to you on level 10 of the Dungeon)

   Dex:       It affects your dexterity (-2).
   rElec:     It insulates you from electricity.
   +Blink:    It lets you blink.
   Will:      It greatly increases your willpower.
 x - a +0 helmet (worn)
Jewellery
 g - a ring of resist corrosion (right hand)
 h - an amulet of reflection (around neck)
 m - a ring of ice (left hand)
 o - a +4 ring of protection
 y - the amulet of Xom's Capriciousness {Acrobat Harm Dex+2}
   (You found it on level 10 of the Dungeon)

   [amulet of the acrobat]

   It increases your evasion while moving and waiting.
   Dex:       It affects your dexterity (+2).
   Harm:      It increases damage dealt and taken.
Wands
 p - a wand of digging (2)
Scrolls
 i - 2 scrolls of teleportation
 j - 5 scrolls of identify
Potions
 b - a potion of cancellation
 d - 2 potions of might
 e - 2 potions of lignification
 l - a potion of magic
 r - a potion of heal wounds
 t - a potion of haste
 v - a potion of mutation

Dungeon Overview and Level Annotations

Branches:
Dungeon (10/15)            Temple (1/1) D:5
   Lair: D:8-11         Orc: D:9-12

Altars:
Ashenzari
Cheibriados
Dithmenos
Fedhas
Gozag
Hepliaklqana
Kikubaaqudgha
Makhleb
Nemelex Xobeh
Okawaru
Qazlal
Ru
Sif Muna
Trog
Uskayaw
Vehumet
Wu Jian
Xom
Yredelemnul
Zin
The Shining One

Shops:
D:2 *   D:4 =   D:5 (

Annotations:
D:8 exclusion: 2 orc priests


Message History

You hit the gargoyle.
The gargoyle is moderately damaged.
The death knight offers itself to Yredelemnul, and fills with unholy energy.
The gargoyle hits you but does no damage.
You closely miss the gargoyle.
The gargoyle is moderately damaged.
The death knight hits you but does no damage.
The gargoyle hurls a stone arrow at you.
The stone arrow hits you but does no damage.
You hit the gargoyle but do no damage.
The gargoyle is moderately damaged.
You block the death knight's attack.
The gargoyle hits you with a +0 morningstar.
You hit the gargoyle.
The gargoyle is moderately damaged.
You barely miss the gargoyle.
The gargoyle is moderately damaged.
You feel like a meek peon again.
The death knight hits you from afar with a +0 glaive!
The gargoyle hits you with a +0 morningstar!
10067 ||| READING 3 scrolls of teleportation.
As you read the scroll of teleportation, it crumbles to dust.
You feel strangely unstable. You block the death knight's attack.
The gargoyle hits you but does no damage.
10068 ||| DRINKING 2 potions of heal wounds.
You feel much better.
The death knight hits you from afar with a +0 glaive!
The gargoyle hits you with a +0 morningstar.
10069 ||| INVOKING Heroism.
You gain the combat prowess of a mighty hero.
The gargoyle hurls a stone arrow at you.
The stone arrow hits you but does no damage.
The death knight hits you from afar with a +0 glaive!
You hit the gargoyle but do no damage.
The gargoyle is moderately damaged.
The death knight hits you from afar with a +0 glaive!
The gargoyle hurls a stone arrow at you.
The stone arrow hits you!
You die...

'.....#.#
#.#..#..#)....#. ....
.....##.#.##.[...#. ...
###.#####.#####.### ..
#..#..#.....# ##..#
#.#.#.#.....#.##..##
..#...#.........).)..
.##..#.#.....#..##.##
##..#.....#..##.#
#@#####.#####.####
.....p9%................
....#...................
.. #.................#.
#.................#.
#.................#.
################+##. #.
#.


You could see a death knight (reflects damage) and a gargoyle.

Vanquished Creatures
  An ogre mage (D:10)
  3 centaur warriors (D:10)
  2 tengu warriors (D:10)
  3 cyclopes
  Maggie (D:8)
  An unseen horror (D:10)
  A kobold demonologist (D:10)
  A freezing wraith (D:10)
  2 trolls (D:10)
  Prince Ribbit (D:9)
  A slime creature (D:10)
  A shadow (D:10)
  8 yaks
  An unseen horror simulacrum (D:10)
  2 wyverns
  A vampire (D:9)
  A steam dragon (D:7)
  A wraith (D:10)
  Grum (D:9)
  2 vampire mosquitoes (D:10)
  Menkaure (D:5)
  4 water moccasins
  5 orc warriors
  3 ice beasts
  3 ogres
  A sky beast (D:7)
  4 wolves (D:9)
  3 centaurs
  A phantom (D:6)
  4 kobold brigands
  5 bullfrogs
  2 scorpions (D:4)
  A gnoll sergeant (D:7)
  5 wights
  24 killer bees
  5 hounds
  4 jellies
  7 orc priests
  2 iguanas
  7 orc wizards
  2 sleepcaps
  A gnoll (D:7)
  3 adders
  A shadow imp (D:7)
  A white imp (D:8)
  An ufetubus (D:7)
  2 worms (D:4)
  A dart slug (D:5)
  33 orcs
  3 bats
  8 endoplasms
  3 giant cockroaches
  7 hobgoblins
  5 jackals
  A quokka (D:2)
  4 ball pythons
  2 frilled lizards (D:3)
  5 goblins
  33 kobolds
  9 rats
251 creatures vanquished.

Vanquished Creatures (others)
  A killer bee (D:10)
1 creature vanquished.

Grand Total: 252 creatures vanquished

Notes
Turn   | Place    | Note
-------+----------+-------------------------------------------
     0 | D:1      | qw the Gargoyle Fighter began the quest for the Orb.
     0 | D:1      | Reached XP level 1. HP: 14/14 MP: 1/1
     0 | D:1      | 0 ||| qw: Version: 0.3-a-46-gb1f654a
     0 | D:1      | 0 ||| qw: Game counter: 1069
     0 | D:1      | 0 ||| qw: Melee chars always use a shield: true
     0 | D:1      | 0 ||| qw: God list: Okawaru
     0 | D:1      | 0 ||| qw: Allow faded altars: false
     0 | D:1      | 0 ||| qw: Do Orc after clearing Dungeon:15 true
     0 | D:1      | 0 ||| qw: Do second Lair branch before Depths: true
     0 | D:1      | 0 ||| qw: Lair rune preference: random
     0 | D:1      | 0 ||| qw: Goals: Normal, Zot:1-4, Slime:5, God:TSO, Crypt,
                  | Tomb, Abyss, Pan, Hells, Win
     0 | D:1      | 0 ||| PLANNING D:1-11
    24 | D:1      | 24 ||| Stepping ~*~*~tactically~*~*~ (hiding).
    25 | D:1      | 25 ||| Stepping ~*~*~tactically~*~*~ (hiding).
    27 | D:1      | 27 ||| Stepping ~*~*~tactically~*~*~ (hiding).
    31 | D:1      | Reached skill level 2 in Axes
    43 | D:1      | Reached XP level 2. HP: 17/19 MP: 2/2
    54 | D:1      | 54 ||| DROPPING +0 club.
   255 | D:1      | 255 ||| Stepping ~*~*~tactically~*~*~ (stealth).
   351 | D:1      | Reached skill level 3 in Axes
   391 | D:1      | Reached XP level 3. HP: 12/23 MP: 3/3
   537 | D:1      | 537 ||| DROPPING amulet of magic regeneration.
   538 | D:1      | 538 ||| READING scroll labelled GENEN RODGH.
   538 | D:1      | Identified a scroll of acquirement
   538 | D:1      | 538 ||| ACQUIRING +1 pair of boots "Symiusmi" {Drain rF+++
                  | Will- SInv}
   538 | D:1      | Acquired the +1 pair of boots "Symiusmi" {Drain rF+++ Will-
                  | SInv}
   540 | D:1      | 540 ||| UPGRADING to +1 pair of boots "Symiusmi" {Drain
                  | rF+++ Will- SInv}.
   545 | D:1      | 545 ||| READING 3 scrolls labelled LUANTO POSMU.
   546 | D:1      | 546 ||| READING 2 scrolls of identify.
   546 | D:1      | 546 ||| IDENTIFYING fizzy clear potion
   772 | D:2      | 772 ||| Stepping ~*~*~tactically~*~*~ (stealth).
   773 | D:2      | 773 ||| Stepping ~*~*~tactically~*~*~ (stealth).
   774 | D:2      | 774 ||| Stepping ~*~*~tactically~*~*~ (stealth).
   935 | D:2      | 935 ||| Stepping ~*~*~tactically~*~*~ (stealth).
   936 | D:2      | 936 ||| Stepping ~*~*~tactically~*~*~ (stealth).
  1038 | D:2      | Found Kostomis's Assorted Antiques.
  1047 | D:2      | You fall into a shaft and drop 1 floor!
  1135 | D:3      | 1135 ||| UPGRADING to +0 cloak.
  1140 | D:3      | 1140 ||| UPGRADING to amulet of guardian spirit.
  1145 | D:3      | 1145 ||| UPGRADING to amulet of reflection.
  1155 | D:3      | 1155 ||| DROPPING amulet of guardian spirit.
  1156 | D:3      | 1156 ||| READING 2 scrolls labelled OLAIHYULUBI.
  1157 | D:3      | 1157 ||| READING scroll of brand weapon.
  1157 | D:3      | 1157 ||| BRANDING +0 war axe of electrocution.
  1158 | D:3      | 1158 ||| READING 2 scrolls of identify.
  1158 | D:3      | 1158 ||| IDENTIFYING fizzy red potion
  1351 | D:2      | 1351 ||| SHOPLISTING 2 potions of heal wounds (250 gold,
                  | have 127).
  1351 | D:2      | 1351 ||| SHOPLISTING glowing scale mail (175 gold, have
                  | 127).
  1351 | D:2      | 1351 ||| BUYING potion of curing (75 gold).
  1351 | D:2      | Bought a potion of curing for 75 gold pieces
  1351 | D:2      | 1351 ||| BUYING scroll of identify (50 gold).
  1351 | D:2      | Bought a scroll of identify for 50 gold pieces
  1351 | D:2      | 1351 ||| SHOPLISTING scroll of identify (50 gold, have 2).
  1351 | D:2      | 1351 ||| SHOPLISTING small peridot ring (125 gold, have 2).
  1525 | D:2      | 1525 ||| READING scroll labelled QOMAYCLUSHRO.
  1658 | D:3      | Noticed a water moccasin
  1677 | D:3      | Killed a water moccasin
  1678 | D:3      | Reached skill level 4 in Axes
  1678 | D:3      | Reached XP level 4. HP: 22/28 MP: 4/4
  1678 | D:3      | Reached XP level 5. HP: 26/32 MP: 5/5
  1734 | D:3      | 1734 ||| Stepping ~*~*~tactically~*~*~ (hiding).
  1936 | D:3      | Identified the +11 falchion "Giantslayer" {flame, rF+ rCorr
                  | Int-4 Dex+3}
  1948 | D:3      | Reached skill level 5 in Axes
  2260 | D:3      | 2260 ||| READING scroll labelled JAHIED HIUS.
  2311 | D:4      | Found Wugiynidd's Jewellery Boutique.
  2317 | D:4      | 2317 ||| SHOPLISTING +6 ring of dexterity (396 gold, have
                  | 40).
  2317 | D:4      | 2317 ||| SHOPLISTING ring "Qit Jun" {AC+4 Str+4} (565 gold,
                  | have 40).
  2317 | D:4      | 2317 ||| SHOPLISTING ring of Cynicism {Fly rCorr Str+2
                  | Int+3 Dex+3} (515 gold, have 40).
  2317 | D:4      | 2317 ||| SHOPLISTING ring of fire (275 gold, have 40).
  2317 | D:4      | 2317 ||| SHOPLISTING ring of protection from fire (275
                  | gold, have 40).
  2317 | D:4      | 2317 ||| SHOPLISTING ring of see invisible (165 gold, have
                  | 40).
  2343 | D:4      | Reached XP level 6. HP: 28/38 MP: 6/6
  2451 | D:4      | 2451 ||| Stepping ~*~*~tactically~*~*~ (hiding).
  2498 | D:4      | 2498 ||| Stepping ~*~*~tactically~*~*~ (stealth).
  2516 | D:4      | Reached skill level 1 in Dodging
  2593 | D:4      | Found a snail-covered altar of Cheibriados.
  2863 | D:4      | 2863 ||| READING 4 scrolls of identify.
  2863 | D:4      | 2863 ||| IDENTIFYING fizzy blue potion
  2888 | D:5      | Entered Level 5 of the Dungeon
  3024 | D:5      | Found Voeruabo's Weapon Emporium.
  3063 | D:5      | HP: 7/38 [ogre/+0 giant spiked club (13)]
  3064 | D:5      | 3064 ||| DRINKING potion of heal wounds.
  3068 | D:5      | Reached skill level 6 in Axes
  3068 | D:5      | Reached XP level 7. HP: 39/43 MP: 7/7
  3138 | D:5      | Found a staircase to the Ecumenical Temple.
  3139 | D:5      | 3139 ||| PLANNING TEMPLE
  3139 | D:5      | 3139 ||| UPGRADING to +0 chain mail.
  3149 | D:5      | 3149 ||| DROPPING +0 scale mail.
  3150 | D:5      | 3150 ||| UPGRADING to ring of ice.
  3151 | D:5      | 3151 ||| READING scroll labelled SITYETRU FIAWN.
  3167 | D:5      | 3167 ||| READING 3 scrolls of identify.
  3167 | D:5      | 3167 ||| IDENTIFYING bubbling purple potion
  3181 | Temple   | Entered the Ecumenical Temple
  3184 | Temple   | 3184 ||| PLANNING OKAWARU WORSHIP
  3372 | Temple   | Became a worshipper of Warmaster Okawaru
  3373 | Temple   | 3373 ||| PLANNING D:1-11
  3617 | D:5      | Noticed Menkaure
  3626 | D:5      | Killed Menkaure
  3627 | D:5      | Reached skill level 7 in Axes
  3776 | D:5      | 3776 ||| READING 2 scrolls of identify.
  3776 | D:5      | 3776 ||| IDENTIFYING amethyst potion
  3864 | D:6      | Reached XP level 8. HP: 49/49 MP: 8/8
  3968 | D:6      | 3968 ||| READING scroll of enchant weapon.
  3968 | D:6      | 3968 ||| ENCHANTING +1 war axe of protection.
  4043 | D:6      | Reached * piety under Okawaru
  4143 | D:6      | 4143 ||| INVOKING Heroism.
  4373 | D:6      | Reached skill level 8 in Axes
  4492 | D:6      | 4492 ||| Stepping ~*~*~tactically~*~*~ (hiding).
  4513 | D:6      | Reached skill level 1 in Invocations
  5008 | D:6      | 5008 ||| READING scroll labelled OSHRA LEIRI.
  5062 | D:7      | 5062 ||| Stepping ~*~*~tactically~*~*~ (hiding).
  5063 | D:7      | 5063 ||| Stepping ~*~*~tactically~*~*~ (hiding).
  5070 | D:7      | 5070 ||| DRINKING 2 potions of curing.
  5070 | D:7      | 5070 ||| (to cure confusion)
  5076 | D:7      | 5076 ||| DRINKING potion of curing.
  5076 | D:7      | 5076 ||| (to cure confusion)
  5078 | D:7      | Reached skill level 6 in Fighting
  5104 | D:7      | Reached skill level 3 in Invocations
  5147 | D:7      | 5147 ||| Stepping ~*~*~tactically~*~*~ (hiding).
  5149 | D:7      | 5149 ||| Stepping ~*~*~tactically~*~*~ (hiding).
  5151 | D:7      | 5151 ||| Stepping ~*~*~tactically~*~*~ (hiding).
  5152 | D:7      | 5152 ||| INVOKING Heroism.
  5172 | D:7      | 5172 ||| INVOKING Heroism.
  5180 | D:7      | Reached XP level 9. HP: 45/55 MP: 8/12
  5218 | D:7      | 5218 ||| DROPPING +0 whip.
  5353 | D:7      | Identified the +2 robe of Tulips {rF+++ Int+4}
  5463 | D:7      | 5463 ||| Stepping ~*~*~tactically~*~*~ (stealth).
  5465 | D:7      | 5465 ||| Stepping ~*~*~tactically~*~*~ (hiding).
  5469 | D:7      | 5469 ||| INVOKING Heroism.
  5480 | D:7      | Reached skill level 9 in Axes
  5544 | D:7      | 5544 ||| DROPPING +2 whip of venom.
  5604 | D:7      | Reached ** piety under Okawaru
  5654 | D:7      | 5654 ||| INVOKING Heroism.
  5702 | D:7      | 5702 ||| Stepping ~*~*~tactically~*~*~ (stealth).
  5908 | D:7      | 5908 ||| UPGRADING to ring of resist corrosion.
  5909 | D:7      | 5909 ||| READING scroll labelled YTUEDE DOTWYCW.
  5941 | D:8      | Reached skill level 10 in Axes
  5942 | D:8      | 5942 ||| INVOKING Heroism.
  5949 | D:8      | Reached XP level 10. HP: 37/63 MP: 10/13
  6084 | D:8      | Noticed Maggie
  6085 | D:8      | 6085 ||| Stepping ~*~*~tactically~*~*~ (hiding).
  6086 | D:8      | 6086 ||| Stepping ~*~*~tactically~*~*~ (hiding).
  6110 | D:8      | Killed Maggie
  6203 | D:8      | 6203 ||| Stepping ~*~*~tactically~*~*~ (stealth).
  6206 | D:8      | 6206 ||| INVOKING Heroism.
  6229 | D:8      | 6229 ||| DROPPING +0 flail.
  6247 | D:8      | 6247 ||| Stepping ~*~*~tactically~*~*~ (hiding).
  6249 | D:8      | 6249 ||| Stepping ~*~*~tactically~*~*~ (hiding).
  6250 | D:8      | 6250 ||| Stepping ~*~*~tactically~*~*~ (hiding).
  6286 | D:8      | 6286 ||| Stepping ~*~*~tactically~*~*~ (stealth).
  6287 | D:8      | 6287 ||| Stepping ~*~*~tactically~*~*~ (stealth).
  6321 | D:8      | 6321 ||| Stepping ~*~*~tactically~*~*~ (hiding).
  6328 | D:8      | 6328 ||| Stepping ~*~*~tactically~*~*~ (hiding).
  6501 | D:8      | 6501 ||| Stepping ~*~*~tactically~*~*~ (hiding).
  6639 | D:8      | 6639 ||| Stepping ~*~*~tactically~*~*~ (hiding).
  6704 | D:8      | Reached *** piety under Okawaru
  6750 | D:8      | 6750 ||| READING scroll of enchant weapon.
  6750 | D:8      | 6750 ||| ENCHANTING +2 war axe of protection.
  6751 | D:8      | 6751 ||| DROPPING +3 war axe.
  6768 | D:8      | Found a stormy altar of Qazlal.
  6775 | D:8      | Found a hazy altar of Hepliaklqana.
  6817 | D:8      | 6817 ||| INVOKING Heroism.
  6931 | D:8      | 6931 ||| FLEEEEING.
  6932 | D:8      | 6932 ||| FLEEEEING.
  6933 | D:8      | 6933 ||| FLEEEEING.
  6934 | D:8      | 6934 ||| FLEEEEING.
  6935 | D:8      | 6935 ||| FLEEEEING.
  6936 | D:8      | 6936 ||| FLEEEEING.
  6949 | D:8      | 6949 ||| FLEEEEING.
  6950 | D:8      | 6950 ||| FLEEEEING.
  6951 | D:8      | 6951 ||| FLEEEEING.
  6952 | D:8      | 6952 ||| FLEEEEING.
  6953 | D:8      | 6953 ||| Stepping ~*~*~tactically~*~*~ (hiding).
  6956 | D:8      | 6956 ||| Stepping ~*~*~tactically~*~*~ (hiding).
  6970 | D:8      | 6970 ||| FLEEEEING.
  6971 | D:8      | 6971 ||| FLEEEEING.
  6972 | D:8      | 6972 ||| FLEEEEING.
  6975 | D:8      | 6975 ||| FLEEEEING.
  6976 | D:8      | 6976 ||| FLEEEEING.
  6977 | D:8      | 6977 ||| FLEEEEING.
  6978 | D:8      | 6978 ||| FLEEEEING.
  7049 | D:8      | 7049 ||| Stepping ~*~*~tactically~*~*~ (hiding).
  7065 | D:8      | 7065 ||| Stepping ~*~*~tactically~*~*~ (stealth).
  7216 | D:9      | 7216 ||| Stepping ~*~*~tactically~*~*~ (hiding).
  7359 | D:9      | Noticed Prince Ribbit
  7361 | D:9      | Noticed Grum
  7361 | D:9      | 7361 ||| INVOKING Heroism.
  7366 | D:9      | Reached skill level 1 in Throwing
  7378 | D:9      | Killed Prince Ribbit
  7379 | D:9      | Killed Grum
  7385 | D:9      | 7385 ||| INVOKING Heroism.
  7428 | D:9      | 7428 ||| INVOKING Heroism.
  7433 | D:9      | Reached skill level 11 in Axes
  7683 | D:9      | 7683 ||| Stepping ~*~*~tactically~*~*~ (stealth).
  7684 | D:9      | 7684 ||| Stepping ~*~*~tactically~*~*~ (stealth).
  7685 | D:9      | 7685 ||| INVOKING Heroism.
  7734 | D:9      | Noticed a cyclops
  7735 | D:9      | 7735 ||| INVOKING Heroism.
  7744 | D:9      | Killed a cyclops
  7745 | D:9      | Reached skill level 6 in Armour
  7759 | D:9      | 7759 ||| Stepping ~*~*~tactically~*~*~ (stealth).
  7761 | D:9      | 7761 ||| Stepping ~*~*~tactically~*~*~ (stealth).
  7771 | D:9      | 7771 ||| INVOKING Heroism.
  7780 | D:9      | Reached skill level 9 in Fighting
  7781 | D:9      | Reached **** piety under Okawaru
  7782 | D:9      | Reached XP level 11. HP: 26/71 MP: 12/14
  8019 | D:9      | Found an opulent altar of Gozag.
  8119 | D:9      | Found a shimmering blue altar of Sif Muna.
  8397 | D:9      | 8397 ||| DROPPING +2 robe of Tulips {rF+++ Int+4}.
  8398 | D:9      | 8398 ||| UPGRADING to +0 plate armour.
  8408 | D:9      | 8408 ||| DROPPING +0 chain mail.
  8409 | D:9      | 8409 ||| UPGRADING to +0 helmet.
  8414 | D:9      | 8414 ||| READING scroll labelled SUZXUOS RATSE.
  8415 | D:9      | 8415 ||| READING 4 scrolls of identify.
  8415 | D:9      | 8415 ||| IDENTIFYING black potion
  8416 | D:9      | 8416 ||| READING 3 scrolls of identify.
  8416 | D:9      | 8416 ||| IDENTIFYING sedimented black potion
  8467 | D:10     | Entered Level 10 of the Dungeon
  8479 | D:10     | 8479 ||| STAIRDANCE
  8481 | D:10     | 8481 ||| STAIRDANCE
  8483 | D:9      | 8483 ||| DRINKING potion of curing.
  8483 | D:9      | 8483 ||| (to cure confusion)
  8486 | D:9      | 8486 ||| INVOKING Heroism.
  8610 | D:10     | 8610 ||| Stepping ~*~*~tactically~*~*~ (hiding).
  8611 | D:10     | 8611 ||| Stepping ~*~*~tactically~*~*~ (hiding).
  8763 | D:10     | 8763 ||| Stepping ~*~*~tactically~*~*~ (stealth).
  8764 | D:10     | 8764 ||| Stepping ~*~*~tactically~*~*~ (stealth).
  8803 | D:10     | Noticed a cyclops
  8804 | D:10     | 8804 ||| Stepping ~*~*~tactically~*~*~ (hiding).
  8808 | D:10     | 8808 ||| INVOKING Heroism.
  8813 | D:10     | Killed a cyclops
  9114 | D:10     | 9114 ||| INVOKING Heroism.
  9124 | D:10     | Reached skill level 6 in Invocations
  9126 | D:10     | 9126 ||| Stepping ~*~*~tactically~*~*~ (stealth).
  9161 | D:10     | Noticed a tengu warrior
  9162 | D:10     | 9162 ||| Stepping ~*~*~tactically~*~*~ (stealth).
  9173 | D:10     | 9173 ||| Stepping ~*~*~tactically~*~*~ (stealth).
  9174 | D:10     | 9174 ||| Stepping ~*~*~tactically~*~*~ (stealth).
  9175 | D:10     | 9175 ||| Stepping ~*~*~tactically~*~*~ (stealth).
  9177 | D:10     | 9177 ||| FLEEEEING.
  9188 | D:10     | 9188 ||| FLEEEEING.
  9189 | D:10     | 9189 ||| FLEEEEING.
  9190 | D:10     | 9190 ||| FLEEEEING.
  9191 | D:10     | 9191 ||| STAIRDANCE
  9272 | D:10     | 9272 ||| FLEEEEING.
  9273 | D:10     | 9273 ||| STAIRDANCE
  9337 | D:10     | Killed a tengu warrior
  9381 | D:10     | Noticed an ogre mage
  9382 | D:10     | 9382 ||| INVOKING Heroism.
  9391 | D:10     | Killed an ogre mage
  9391 | D:10     | Reached ***** piety under Okawaru
  9393 | D:10     | 9393 ||| Stepping ~*~*~tactically~*~*~ (stealth).
  9417 | D:10     | Noticed a cyclops
  9425 | D:10     | 9425 ||| INVOKING Heroism.
  9427 | D:10     | Killed a cyclops
  9491 | D:10     | Noticed a tengu warrior
  9492 | D:10     | 9492 ||| Stepping ~*~*~tactically~*~*~ (stealth).
  9493 | D:10     | 9493 ||| Stepping ~*~*~tactically~*~*~ (stealth).
  9507 | D:10     | 9507 ||| INVOKING Heroism.
  9513 | D:10     | Killed a tengu warrior
  9598 | D:10     | 9598 ||| INVOKING Heroism.
  9610 | D:10     | Noticed a soul eater
  9684 | D:10     | Noticed a centaur warrior
  9689 | D:10     | 9689 ||| INVOKING Heroism.
  9692 | D:10     | Killed a centaur warrior
  9693 | D:10     | Reached skill level 12 in Axes
  9801 | D:10     | 9801 ||| INVOKING Heroism.
  9950 | D:10     | Noticed a centaur warrior
  9951 | D:10     | 9951 ||| Stepping ~*~*~tactically~*~*~ (stealth).
  9953 | D:10     | 9953 ||| Stepping ~*~*~tactically~*~*~ (hiding).
  9968 | D:10     | Killed a centaur warrior
  9969 | D:10     | Reached XP level 12. HP: 69/76 MP: 18/18
  9996 | D:10     | Identified the +3 buckler of the Blessed Realm {+Blink
                  | rElec Will++ Dex-2} (Okawaru gifted it to you on level 10
                  | of the Dungeon)
  9996 | D:10     | Received a gift from Okawaru
 10023 | D:10     | Identified the amulet of Xom's Capriciousness {Acrobat Harm
                  | Dex+2}
 10038 | D:10     | Noticed a centaur warrior
 10043 | D:10     | 10043 ||| INVOKING Heroism.
 10052 | D:10     | Noticed a death knight
 10059 | D:10     | Killed a centaur warrior
 10060 | D:10     | Reached skill level 9 in Armour
 10060 | D:10     | Reached skill level 9 in Invocations
 10066 | D:10     | HP: 16/76 [gargoyle/+0 morningstar (12)]
 10067 | D:10     | 10067 ||| READING 3 scrolls of teleportation.
 10068 | D:10     | 10068 ||| DRINKING 2 potions of heal wounds.
 10069 | D:10     | 10069 ||| INVOKING Heroism.
 10070 | D:10     | Killed from afar by a gargoyle

Levels and vault maps discovered:
D:1:      minmay_arrival_radiant_lines, layout_basic, minmay_pentomino_z4
D:2:      layout_loops_corners, serial_shops, nicolae_shop_tiny_waterfront
D:3:      layout_loops_ring, chequers_serial_rivers_micro_a
D:4:      layout_rooms, slow_altar_2, serial_shops, nicolae_shop_statue_plus,
          st_stairs_1, chequers_serial_rivers_large_a
D:5:      layout_basic, minmay_temple_entry_hall, serial_shops,
          nicolae_lakefront_shop, uniq_menkaure
D:6:      layout_layer_cave, minivault_24, bh_walls_and_bars
D:7:      minmay_bubble_buster, layout_cave_pools
D:8:      layout_rooms, nicolae_elyvilon_temple_path,
          amethyst_overflow_temple_binary, uniq_maggie
D:9:      layout_irregular_city, nicolae_overflow_hidden_temple,
          uniq_prince_ribbit1, uniq_grum
D:10:     minmay_the_grid_square_5x5_4x4 [minmay_the_grid_square_5x5_inner_z,
          minmay_the_grid_square_5x5_slash, minmay_the_grid_square_5x5_three,
          minmay_the_grid_square_5x5_plus, minmay_the_grid_square_5x5_inner_i,
          minmay_the_grid_square_5x5_prize_open,
          minmay_the_grid_square_5x5_prize_gold,
          minmay_the_grid_square_5x5_intrusive_squares,
          minmay_the_grid_square_5x5_detours,
          minmay_the_grid_square_5x5_prize_deathbox,
          minmay_the_grid_square_5x5_prize_snowflake,
          minmay_the_grid_square_5x5_empty,
          minmay_the_grid_square_5x5_two_walls_b, minmay_the_grid_square_5x5_z,
          minmay_the_grid_square_5x5_bite, minmay_the_grid_square_5x5_corner],
          layout_grid_maze
Temple:   nicolae_temple_slightly_damp_pantheon

Skill      XL: |  1  2  3  4  5  6  7  8  9 10 11 12 |
---------------+-------------------------------------+-----
Axes           | 2 3 4 5 6 7 8 10 11 12 | 12.0
Fighting       | 4 5 6 7 9 |  9.0
Dodging        | 1 2 |  2.3
Armour         | 4 5 6 8 9 |  9.0
Invocations    | 4 8 9 |  9.1
Shields        | 4 5 |  5.0
Throwing       | 1 |  1.3

Action                     |  1- 3 |  4- 6 |  7- 9 | 10-12 || total
---------------------------+-------+-------+-------+-------++-------
  Melee: War axe           |   131 |    87 |   280 |   438 ||   936
  Throw: Boomerang         |       |       |       |     5 ||     5
 Invoke: Heroism           |       |       |     6 |    19 ||    25
    Use: Scroll            |     7 |     2 |     6 |     5 ||    20
         Potion            |       |     1 |     2 |     2 ||     5
   Stab: Distracted        |       |       |       |     1 ||     1
 Armour: Scale mail        |    68 |    38 |     1 |       ||   107
         Chain mail        |       |       |   159 |   118 ||   277
         Plate armour      |       |       |       |   160 ||   160
  Dodge: Dodged            |    59 |    21 |   108 |   137 ||   325
  Block: Buckler           |    32 |    29 |   134 |   214 ||   409
         Reflection        |       |       |     1 |     8 ||     9

Table legend:
 A = Non-vault XP
 B = Vault XP
 C = Vault XP percentage of total XP
 D = Non-vault monster count
 E = Vault monster count
 F = Vault count percentage of total count
                 A         B        C        D         E       F
            +---------+---------+-------+---------+---------+-------
      Total |    8434 |   11942 |  58.6 |     198 |      54 |  21.4
            +---------+---------+-------+---------+---------+-------
        D:1 |      32 |       5 |  13.5 |      21 |       3 |  12.5
        D:2 |      28 |       0 |   0.0 |      17 |       0 |   0.0
        D:3 |     164 |       0 |   0.0 |       9 |       0 |   0.0
        D:4 |     273 |      22 |   7.5 |      11 |       4 |  26.7
        D:5 |     397 |     172 |  30.2 |      10 |       1 |   9.1
        D:6 |     875 |       0 |   0.0 |      18 |       0 |   0.0
        D:7 |     945 |    1400 |  59.7 |      22 |      16 |  42.1
        D:8 |    1439 |     409 |  22.1 |      35 |       1 |   2.8
        D:9 |    3114 |     908 |  22.6 |      35 |       6 |  14.6
       D:10 |    1167 |    9026 |  88.6 |      20 |      23 |  53.5
            +---------+---------+-------+---------+---------+-------
